 Dungeon Crawl Stone Soup version 0.31-a0-267-g3fc6992b3b (webtiles) character file.

Game seed: 16484729083359196029

43 qw the Shooter (level 3, 0/21 HPs)
             Began as a Gargoyle Hexslinger on July 13, 2023.
             Killed by nerve-wracking pain
             ... invoked by Grinder
              (2 damage)
             ... while paralysed by Grinder
             ... on level 3 of the Dungeon.
             The game lasted 00:00:35 (1533 turns).

qw the Shooter (Gargoyle Hexslinger)                Turns: 1533, Time: 00:00:35

Health: 0/21       AC:  9    Str: 11    XL:     3   Next: 58%
Magic:  4/4        EV:  2    Int: 13    God:
Gold:   45         SH:  0    Dex: 14    Spells: 3/4 levels left

rFire   . . .        Y - +2 sling
rCold   . . .        (no shield)
rNeg    + . .        e - +0 ring mail
rPois   inf          k - +0 helmet
rElec   +            (no cloak)
rCorr   +            (no gloves)
SInv    .            (no boots)
Will    .....        (no amulet)
Stlth   +            h - ring of resist corrosion
HPRegen 0.23/turn    (no ring)
MPRegen 0.09/turn

%: no passive effects
@: paralysed
A: sickness immunity, AC +3, negative energy resistance 1, electricity
resistance, torment resistance 1, petrification resistance
a: no special abilities


You were on level 3 of the Dungeon.
You visited 1 branch of the dungeon, and saw 3 of its levels.

You collected 45 gold pieces.


Innate Abilities, Weirdness & Mutations

You are immune to sickness and miasma.
Your stone body is resilient. (AC +3)
You are immune to poison.
You resist negative energy. (rN+)
You are resistant to electric shocks. (rElec)
You are resistant to unholy torment.
You are immune to petrification.


   Skills:
 - Level 2.0 Fighting
 - Level 3.4 Ranged Weapons
 + Level 0.1 Armour
 - Level 1.5 Dodging
 - Level 1.0 Spellcasting
 - Level 2.6 Hexes


You had 3 spell levels left.
You knew the following spells:

 Your Spells              Type           Power      Damage    Failure   Level
a - Slow                  Hex            28%        N/A       22%         1

Your spell library contained the following spells:

 Spells                   Type           Power      Damage    Failure   Level
 Inner Flame              Hex/Fire       4%         N/A       75%         3
 Portal Projectile        Hex/Tloc       8%         N/A       75%         3
 Cause Fear               Hex            3%         N/A       92%         4

Inventory:

Hand Weapons
 Y - a +2 sling (weapon)
Armour
 e - a +0 ring mail (worn)
 k - a +0 helmet (worn)
Jewellery
 h - a ring of resist corrosion (left hand)
Scrolls
 a - a scroll of identify
Potions
 f - a potion of berserk rage {unknown}
 g - a potion of mutation {unknown}
 i - 3 potions of curing
 j - a potion of enlightenment {unknown}

Dungeon Overview and Level Annotations

Branches:
Dungeon (3/15)

Altars:
Cheibriados

Shops:
D:3 (

Annotations:
D:3 Grinder


Message History

You shoot a sling bullet. The sling bullet barely misses Grinder.
Grinder hits you.
You shoot a sling bullet. The sling bullet hits Grinder.
Grinder is moderately wounded.
Grinder rolls her eyes.
Grinder hits you but does no damage.
You shoot a sling bullet. The sling bullet hits Grinder.
Grinder is moderately wounded.
Grinder hits you but does no damage. Grinder gestures at you.
You suddenly lose the ability to move!
Grinder gestures at you. You resist with significant effort.
Grinder gestures at you.
You shrug off the repeated paralysis!
Grinder hits you.
You writhe in agony.
Grinder hits you but does no damage.
You can move again.
You shoot a sling bullet. The sling bullet barely misses Grinder.
Grinder hits you but does no damage.
You shoot a sling bullet. The sling bullet barely misses Grinder.
Grinder hits you but does no damage.
You shoot a sling bullet. The sling bullet hits Grinder.
Grinder is heavily wounded.
Grinder barely misses you. Grinder gestures at you.
Pain shoots through your body!
You shoot a sling bullet.
The sling bullet hits Grinder but does no damage.
Grinder is heavily wounded.
Grinder hits you.
You writhe in agony.
You shoot a sling bullet.
The sling bullet hits Grinder but does no damage.
Grinder is heavily wounded.
Grinder closely misses you. Grinder gestures at you.
You suddenly lose the ability to move!
Grinder gestures at you. Pain shoots through your body!
You die...

#.# #.# ####<##### ##.
### #........# ... ..#
#........# ###.. ..#
#........#.#...##..#
#........#.#....#..##...
#<...\........_.@.....#
#........#..#...5#.####
#........#..##..^# #
#........#.....###.#
#######.##.........#
#..#####.#####
##.......# #########


You could see Grinder.

Vanquished Creatures
  A dart slug (D:1)
  2 bats (D:1)
  2 endoplasms (D:2)
  9 hobgoblins
  3 quokkas (D:1)
  8 ball pythons
  2 frilled lizards (D:1)
  4 goblins (D:1)
  4 kobolds
  2 rats (D:2)
37 creatures vanquished.

Notes
Turn   | Place    | Note
-------+----------+-------------------------------------------
     0 | D:1      | qw the Gargoyle Hexslinger began the quest for the Orb.
     0 | D:1      | Reached XP level 1. HP: 12/12 MP: 2/2
     0 | D:1      | 0 ||| qw: Version: 0.3-a-52-g30416fa
     0 | D:1      | 0 ||| qw: Game counter: 7780
     0 | D:1      | 0 ||| qw: Melee chars always use a shield: true
     0 | D:1      | 0 ||| qw: God list: Okawaru
     0 | D:1      | 0 ||| qw: Allow faded altars: false
     0 | D:1      | 0 ||| qw: Do Orc after clearing Dungeon:15 true
     0 | D:1      | 0 ||| qw: Do second Lair branch before Depths: true
     0 | D:1      | 0 ||| qw: Lair rune preference: random
     0 | D:1      | 0 ||| qw: Goals: Normal
     0 | D:1      | 0 ||| PLANNING D:1-11
   175 | D:1      | Reached XP level 2. HP: 15/16 MP: 3/3
   363 | D:1      | Reached skill level 3 in Ranged Weapons
   476 | D:1      | Reached XP level 3. HP: 21/21 MP: 4/4
   879 | D:1      | 879 ||| UPGRADING to +0 helmet.
   884 | D:1      | 884 ||| UPGRADING to ring of resist corrosion.
   885 | D:1      | 885 ||| READING scroll labelled OSOT XICYTHRAO.
   886 | D:1      | 886 ||| DRINKING 2 clear potions.
   930 | D:1      | 930 ||| DRINKING 3 coppery potions.
   931 | D:1      | 931 ||| DROPPING scroll of poison.
   932 | D:1      | 932 ||| DROPPING potion of lignification.
  1444 | D:2      | 1444 ||| UPGRADING to +0 leather armour.
  1454 | D:2      | 1454 ||| DROPPING +0 robe.
  1455 | D:2      | 1455 ||| UPGRADING to +0 ring mail.
  1465 | D:2      | 1465 ||| DROPPING +0 leather armour.
  1466 | D:2      | 1466 ||| READING 2 scrolls labelled CUUCVO QICLU.
  1467 | D:2      | 1467 ||| READING scroll labelled OMMYOG UGYOTZ.
  1476 | D:3      | Found Dataamix's Antique Weapon Shoppe.
  1477 | D:3      | 1477 ||| PLANNING SEWER
  1481 | D:3      | Noticed Grinder
  1492 | D:3      | Found a snail-covered altar of Cheibriados.
  1523 | D:3      | Paralysed by Grinder for 5 turns
  1530 | D:3      | HP: 5/21 [Grinder/nerve-wracking pain (6)]
  1531 | D:3      | HP: 1/21 [Grinder (2)]
  1532 | D:3      | Paralysed by Grinder for 5 turns
  1533 | D:3      | Killed from afar by Grinder

Levels and vault maps discovered:
D:1:      dpeg_arrival_boxes_within_box, layout_basic, minmay_distorted
D:2:      layout_loops_cross
D:3:      layout_rooms, mainiacjoe_overflow_boulevard,
          nicolae_overflow_crystal_walls, serial_shops, shop,
          gup_sewer_entry_bowl, serial_park_tiny_1, minmay_misc_feat_x,
          uniq_terence, uniq_sigmund, uniq_grinder, uniq_natasha

Skill      XL: |  1  2 |
---------------+-------+-----
Ranged Weapons | 3 |  3.4
Fighting       | 2 |  2.0
Armour         | |  0.1
Dodging        | |  1.5
Spellcasting   | |  1.0
Hexes          | |  2.6

Action                     || total
---------------------------++-------
   Fire: Sling             ||   125
    Use: Scroll            ||     3
         Potion            ||     2
 Armour: Robe              ||     6
         Ring mail         ||     9
  Dodge: Dodged            ||    23

Table legend:
 A = Non-vault XP
 B = Vault XP
 C = Vault XP percentage of total XP
 D = Non-vault monster count
 E = Vault monster count
 F = Vault count percentage of total count
                 A         B        C        D         E       F
            +---------+---------+-------+---------+---------+-------
      Total |      57 |       5 |   8.1 |      34 |       3 |   8.1
            +---------+---------+-------+---------+---------+-------
        D:1 |      40 |       5 |  11.1 |      22 |       3 |  12.0
        D:2 |      15 |       0 |   0.0 |      11 |       0 |   0.0
        D:3 |       2 |       0 |   0.0 |       1 |       0 |   0.0
            +---------+---------+-------+---------+---------+-------
